[Event "December 12 Early 2023"]
[Site "https://www.chess.com"]
[Date "2023.12.12"]
[Round "6"]
[White "Andrews, Todd"]
[Black "Nasybullina, Alfia"]
[Result "1-0"]
[Board "139"]
[TimeControl "180+1"]
[WhiteFideId "2012456"]
[BlackFideId "4132416"]
[WhiteElo "2498"]
[BlackElo "2294"]
[WhiteTeam "USA"]
[BlackTeam "KAZ"]
[WhiteClock "0:00:15"]
[BlackClock "0:00:18"]

1. d4 Nf6 2. c4 c5 3. d5 e6 4. Nc3 exd5 5. cxd5 d6 6. Nf3 g6 7. Nd2 Bg7 8. Nc4 O-O 9. Bg5 h6 10. Bf4 Ne8 11. Qd2 Kh7 12. h4 b6 13. e3 Ba6 14. a4 Bxc4 15. Bxc4 Nd7 16. h5 g5 17. Bg3 Ne5 18. Bb3 f5 19. Bc2 Kg8 20. O-O Nc4 21. Qc1 Qf6 22. Rb1 Qf7 23. Bd3 Ne5 24. Bxe5 Bxe5 25. Qd1 Ng7 26. Be2 Rae8 27. Nb5 f4 28. e4 a6 29. Na3 Bd4 30. Bf3 Qd7 31. b3 Re7 32. Nc4 b5 33. axb5 axb5 34. Na5 Ref7 35. Nc6 Bf6 36. Bg4 Qc7 37. Rc1 Re8 38. Re1 Be5 39. Qd3 b4 40. Qh3 Ra8 41. Nxe5 dxe5 42. Ra1 Qb8 43. Be6 Nxe6 44. Qxe6 Kg7 45. Rxa8 Qxa8 46. Qxe5+ Kh7 47. Qe6 Qf8 48. Qg6+ Kh8 49. d6 Qg7 50. Qxg7+ Kxg7 51. e5 Rd7 52. e6 Rxd6 53. e7 c4 54. e8=Q 1-0

[Event "December 12 Early 2023"]
[Site "https://www.chess.com"]
[Date "2023.12.12"]
[Round "6"]
[White "Kraiouchkine, Nikita"]
[Black "Adelman, Charles"]
[Result "1-0"]
[Board "140"]
[TimeControl "180+1"]
[WhiteFideId "2607140"]
[BlackFideId "2003597"]
[WhiteElo "2497"]
[BlackElo "2274"]
[WhiteTeam "CAN"]
[BlackTeam "USA"]
[WhiteClock "0:00:15"]
[BlackClock "0:01:54"]

1. e4 Nf6 2. Nc3 d6 3. d4 Nbd7 4. f4 e5 5. Nf3 exd4 6. Qxd4 c6 7. Be3 Be7 8. O-O-O Ng4 9. Qxg7 Nxe3 10. Qxh8+ Nf8 11. Re1 Bf6 12. Qg8 Nxf1 13. e5 dxe5 14. Rhxf1 Be6 15. Ne4 Be7 16. Rd1 Qa5 17. Nc3 Bb4 18. f5 Bc4 19. Nxe5 Bxf1 20. Qxf7# 1-0

[Event "December 12 Early 2023"]
[Site "https://www.chess.com"]
[Date "2023.12.12"]
[Round "6"]
[White "Mishra, Manoj"]
[Black "Baches Garcia, Guillermo"]
[Result "1/2-1/2"]
[Board "141"]
[TimeControl "180+1"]
[WhiteFideId "5006007"]
[BlackFideId "2209764"]
[WhiteElo "2259"]
[BlackElo "2493"]
[WhiteTeam "IND"]
[BlackTeam "ESP"]
[WhiteClock "0:00:02"]
[BlackClock "0:00:28"]

1. d4 d5 2. c4 e6 3. Nf3 a6 4. g3 dxc4 5. Bg2 b5 6. Ne5 c6 7. Nxc6 Qb6 8. d5 Bb7 9. Nxb8 Rxb8 10. Nc3 Nf6 11. e4 Bc5 12. O-O O-O 13. Bg5 e5 14. Bxf6 Qxf6 15. a3 Qd6 16. b3 Bd4 17. Qc2 cxb3 18. Qxb3 Rfc8 19. Rac1 Rc4 20. Ne2 Rbc8 21. Rxc4 Rxc4 22. Nxd4 exd4 23. Re1 Qc5 24. Qf3 g6 25. e5 Rc1 26. Rxc1 Qxc1+ 27. Bf1 Qe1 28. e6 fxe6 29. Qf6 Bxd5 30. Qd8+ Kf7 31. Qd7+ Kf6 32. Qd8+ Kg7 33. Qe7+ Kh6 34. Qh4+ Kg7 35. Qe7+ Kg8 36. Qe8+ Kg7 37. Qe7+ 1/2-1/2

[Event "December 12 Early 2023"]
[Site "https://www.chess.com"]
[Date "2023.12.12"]
[Round "6"]
[White "Rodriguez Avila, Alvaro"]
[Black "Gutierrez Olivares, Daniel"]
[Result "1-0"]
[Board "142"]
[TimeControl "180+1"]
[WhiteFideId "24570249"]
[BlackFideId "2264005"]
[WhiteElo "2255"]
[BlackElo "2488"]
[WhiteTeam "ESP"]
[BlackTeam "ESP"]
[WhiteClock "0:00:15"]
[BlackClock "0:00:56"]

1. e4 e6 2. d4 d5 3. e5 c5 4. c3 Nc6 5. Nf3 Bd7 6. Bd3 cxd4 7. cxd4 Qb6 8. a3 Nxd4 9. Nxd4 Qxd4 10. O-O Ne7 11. Nc3 a6 12. Qe2 Nc6 13. Re1 g6 14. Kh1 Bg7 15. f4 Qa7 16. Be3 d4 17. Bf2 O-O 18. Ne4 Ne7 19. Rac1 Bc6 20. Nc5 Rad8 21. Kg1 Nd5 22. g3 Ne3 23. Bxe3 dxe3 24. Qxe3 Rfe8 25. Be4 Bd5 26. Bxd5 Rxd5 27. Ne4 b6 28. Rc6 Rb8 29. Rec1 Bf8 30. Rc8 Rxc8 31. Rxc8 Qd7 32. Nf6+ Kg7 33. Nxd7 Rxd7 34. Qxb6 Be7 35. Qc6 Rd1+ 36. Kg2 Rd2+ 37. Kf3 g5 38. Qe8 1-0

[Event "December 12 Early 2023"]
[Site "https://www.chess.com"]
[Date "2023.12.12"]
[Round "6"]
[White "Shukhman, Anna"]
[Black "NastyaHn"]
[Result "1-0"]
[Board "143"]
[TimeControl "180+1"]
[WhiteFideId "54180058"]
[WhiteElo "2483"]
[BlackElo "2251"]
[WhiteTeam "FID"]
[WhiteClock "0:01:05"]
[BlackClock "0:00:00"]

1. e4 e6 2. Nf3 d5 3. e5 c5 4. b4 cxb4 5. a3 bxa3 6. d4 Nc6 7. c3 Nge7 8. Nxa3 Ng6 9. h4 Be7 10. h5 Nf8 11. h6 g6 12. Bd3 Nd7 13. Nc2 f6 14. exf6 Nxf6 15. Bf4 O-O 16. Qd2 Bd6 17. Ne5 Bxe5 18. dxe5 Nd7 19. Bg5 Qe8 20. f4 Nc5 21. Qe3 Nxd3+ 22. Qxd3 Ne7 23. O-O Nf5 24. g4 Ne7 25. Nd4 Bd7 26. Bf6 Nc6 27. f5 gxf5 28. gxf5 Qh5 29. Qg3+ Kf7 30. fxe6+ Bxe6 31. Bg7+ Ke7 32. Bxf8+ Rxf8 33. Rxf8 1-0

[Event "December 12 Early 2023"]
[Site "https://www.chess.com"]
[Date "2023.12.12"]
[Round "6"]
[White "Kovalevsky, Stanislav"]
[Black "Petrukhina, Olga"]
[Result "1-0"]
[Board "144"]
[TimeControl "180+1"]
[WhiteFideId "13508598"]
[BlackFideId "13703935"]
[WhiteElo "2481"]
[BlackElo "2237"]
[WhiteTeam "FID"]
[BlackTeam "KAZ"]
[WhiteClock "0:00:42"]
[BlackClock "0:00:00"]

1. e4 e6 2. b3 d5 3. Bb2 Nf6 4. e5 Nfd7 5. f4 c5 6. Nf3 Nc6 7. d4 cxd4 8. Nxd4 Bc5 9. Nxc6 bxc6 10. Bd3 a5 11. a3 Ba6 12. Nd2 Qb6 13. Nf3 Bf2+ 14. Kf1 Be3 15. g3 Nc5 16. Bxa6 Qxa6+ 17. Qe2 Ne4 18. c4 Bb6 19. cxd5 Qxe2+ 20. Kxe2 cxd5 21. Bd4 Rb8 22. b4 axb4 23. axb4 O-O 24. b5 Rfc8 25. Rhc1 Bxd4 26. Nxd4 Rxc1 27. Rxc1 g6 28. Rc7 Kg7 29. Nxe6+ Kh6 30. Rxf7 Nc3+ 31. Kd3 Nxb5 32. Ng5 Rh8 33. Rb7 1-0

[Event "December 12 Early 2023"]
[Site "https://www.chess.com"]
[Date "2023.12.12"]
[Round "6"]
[White "Dann, Matthias"]
[Black "Vincenti, Leonardo"]
[Result "1/2-1/2"]
[Board "145"]
[TimeControl "180+1"]
[WhiteFideId "24638056"]
[BlackFideId "28550820"]
[WhiteElo "2472"]
[BlackElo "2235"]
[WhiteTeam "GER"]
[BlackTeam "ITA"]
[WhiteClock "0:00:03"]
[BlackClock "0:00:02"]

1. e4 e6 2. d4 d5 3. Nc3 Nf6 4. e5 Nfd7 5. f4 c5 6. Nf3 Nc6 7. Be3 a6 8. Qd2 b5 9. a3 Qb6 10. h4 cxd4 11. Nxd4 Bc5 12. Nce2 a5 13. Rh3 b4 14. Nxc6 Qxc6 15. Bxc5 Nxc5 16. Nd4 Qb6 17. axb4 Ne4 18. Bb5+ Bd7 19. Qd3 Ke7 20. Ke2 axb4 21. Rxa8 Rxa8 22. Bxd7 Kxd7 23. Qb5+ Qxb5+ 24. Nxb5 Nc5 25. Nd4 Ra2 26. b3 Ne4 27. h5 h6 28. g4 Nc3+ 29. Kd3 Ra1 30. g5 Rd1+ 31. Ke3 Re1+ 32. Kd2 Rd1+ 33. Ke3 Ke7 34. gxh6 gxh6 35. Rg3 Re1+ 36. Kd2 Re4 37. Nc6+ Kd7 38. Nxb4 Nb1+ 39. Kc1 Rxb4 40. Kxb1 Rxf4 41. Rg7 Rf5 42. Rh7 Rxh5 43. Rxf7+ Ke8 44. Ra7 Rxe5 45. b4 Re4 46. c3 Kd8 47. b5 Kc8 48. Kc2 h5 49. Rh7 h4 50. Kb3 Rc4 51. Rh6 e5 52. Rh5 h3 53. Rxe5 h2 54. Rh5 Rc5 55. Rxh2 Rxb5+ 56. Ka4 Rc5 57. Kb4 Rc4+ 58. Kb3 Kc7 59. Rh6 Kd7 60. Rg6 Rc6 61. Rg5 Rb6+ 62. Kc2 Kd6 63. Kd3 Kc5 64. c4 Rb3+ 65. Kc2 Kxc4 66. Rg4+ d4 67. Rxd4+ Kxd4 68. Kxb3 1/2-1/2

[Event "December 12 Early 2023"]
[Site "https://www.chess.com"]
[Date "2023.12.12"]
[Round "6"]
[White "Srivatsan Karthikeyan"]
[Black "Kochiev, Ivan"]
[Result "0-1"]
[Board "146"]
[TimeControl "180+1"]
[WhiteFideId "25684248"]
[BlackFideId "2917890"]
[WhiteElo "2236"]
[BlackElo "2471"]
[WhiteTeam "IND"]
[BlackTeam "BUL"]
[WhiteClock "0:01:52"]
[BlackClock "0:01:13"]

1. e4 e5 2. Nf3 Nf6 3. Nxe5 Nc6 4. Nxc6 dxc6 5. Nc3 Bc5 6. Be2 Qd4 7. O-O Nxe4 8. Nxe4 Qxe4 9. d3 Qh4 10. Be3 Bd6 11. g3 Qf6 12. Bg4 Bxg4 13. Qxg4 h5 14. Qc4 O-O-O 15. a4 h4 16. Bxa7 hxg3 17. fxg3 Qh6 18. Rf2 b6 19. a5 Bc5 20. Rf1 Qxh2# 0-1

[Event "December 12 Early 2023"]
[Site "https://www.chess.com"]
[Date "2023.12.12"]
[Round "6"]
[White "Osmonbekov, Talaibek"]
[Black "Mestnikov, Aisen"]
[Result "1-0"]
[Board "147"]
[TimeControl "180+1"]
[WhiteFideId "2017253"]
[BlackFideId "34130117"]
[WhiteElo "2223"]
[BlackElo "2469"]
[WhiteTeam "USA"]
[BlackTeam "RUS"]
[WhiteClock "0:00:29"]
[BlackClock "0:00:01"]

1. d4 Nf6 2. Nc3 d5 3. Bf4 e6 4. e3 Be7 5. Nf3 O-O 6. Bd3 c5 7. dxc5 Nc6 8. O-O Nh5 9. Ne5 Nxf4 10. exf4 Nxe5 11. fxe5 Bxc5 12. Re1 Qb6 13. Qf3 Bd7 14. Rab1 a5 15. Re2 Bd4 16. Nd1 a4 17. c3 Bc5 18. Ne3 Bb5 19. Ng4 Bxd3 20. Qxd3 Qa6 21. Qf3 Qc4 22. Rbe1 h5 23. Ne3 Bxe3 24. Rxe3 g6 25. a3 Ra5 26. Qf6 Qg4 27. Rf3 Qf5 28. Rxf5 exf5 29. e6 Ra6 30. exf7+ Kh7 31. Qe7 Raa8 32. Re6 d4 33. Qf6 Rg8 34. fxg8=Q+ Rxg8 35. cxd4 Rc8 36. Re7+ Kh6 37. h4 Rc1+ 38. Kh2 Rc6 39. Qg5# 1-0

[Event "December 12 Early 2023"]
[Site "https://www.chess.com"]
[Date "2023.12.12"]
[Round "6"]
[White "Perossa, Nicolas"]
[Black "Semenova, Alina"]
[Result "0-1"]
[Board "148"]
[TimeControl "180+1"]
[WhiteFideId "2850520"]
[BlackFideId "24113875"]
[WhiteElo "2462"]
[BlackElo "2198"]
[WhiteTeam "ITA"]
[BlackTeam "RUS"]
[WhiteClock "0:00:00"]
[BlackClock "0:00:53"]

1. Nf3 Nf6 2. b3 e6 3. Bb2 d5 4. e3 Nbd7 5. Be2 Be7 6. Ne5 O-O 7. f4 c5 8. d4 Nxe5 9. dxe5 Ne4 10. O-O b6 11. Nd2 Nxd2 12. Qxd2 f6 13. Rad1 fxe5 14. Bxe5 Bf6 15. Qc3 Bxe5 16. Qxe5 Qf6 17. Qxf6 Rxf6 18. g4 Bb7 19. Rd2 Raf8 20. Rfd1 e5 21. f5 d4 22. exd4 exd4 23. Bc4+ Kh8 24. Be6 Bf3 25. g5 Rxf5 26. Bxf5 Bxd1 27. Bxh7 Kxh7 28. Rxd1 Kg6 29. Rd3 Kxg5 30. Rg3+ Kh6 31. Rh3+ Kg6 32. Rg3+ Kh7 33. Rh3+ Kg8 34. Rg3 Rf4 35. a4 Kf7 36. Kg2 Kf6 37. h3 g5 38. Rd3 Kf5 39. a5 Ke4 40. a6 b5 41. Rg3 Rf5 42. Rg4+ Kd5 43. h4 gxh4 44. Rxh4 Rf6 45. Rh5+ Kc6 46. Rh7 Kb6 47. Rd7 Kxa6 48. b4 Rc6 49. bxc5 Rxc5 50. Kf3 Rxc2 51. Rxd4 Kb6 52. Rd3 a5 53. Ke4 a4 54. Rd6+ Ka5 55. Rd8 a3 56. Ra8+ Kb4 57. Kd3 Rc7 58. Rb8 a2 0-1

[Event "December 12 Early 2023"]
[Site "https://www.chess.com"]
[Date "2023.12.12"]
[Round "6"]
[White "Lopez Idarraga, Daniel Eduardo"]
[Black "Fernandez Hernandez, Gerardo"]
[Result "1-0"]
[Board "149"]
[TimeControl "180+1"]
[WhiteFideId "4405501"]
[BlackFideId "2207400"]
[WhiteElo "2455"]
[BlackElo "2201"]
[WhiteTeam "COL"]
[BlackTeam "ESP"]
[WhiteClock "0:01:21"]
[BlackClock "0:00:00"]

1. e4 e6 2. d4 d5 3. Nc3 Nc6 4. Nf3 Nf6 5. e5 Ne4 6. Bd2 Bd7 7. Bd3 Nxd2 8. Qxd2 f6 9. O-O fxe5 10. dxe5 Nb4 11. Be2 c5 12. Nb5 Bxb5 13. Bxb5+ Nc6 14. c4 a6 15. Ba4 Be7 16. Qf4 Rf8 17. Qg4 Qd7 18. cxd5 exd5 19. e6 Qd6 20. Bxc6+ bxc6 21. Rfe1 O-O-O 22. Ne5 Rde8 23. Qxg7 Qxe6 24. Nxc6 Qxc6 25. Rxe7 Rxe7 26. Qxe7 Re8 27. Qxh7 Qe6 28. h4 Qe2 29. Rc1 c4 30. b3 Qb2 31. Rc2 Qb1+ 32. Kh2 1-0

[Event "December 12 Early 2023"]
[Site "https://www.chess.com"]
[Date "2023.12.12"]
[Round "6"]
[White "BestestBP"]
[Black "Pak, Yevgeniy"]
[Result "0-1"]
[Board "150"]
[TimeControl "180+1"]
[BlackFideId "14201712"]
[WhiteElo "2142"]
[BlackElo "2454"]
[BlackTeam "KAZ"]
[WhiteClock "0:00:03"]
[BlackClock "0:00:40"]

1. d4 d5 2. Nf3 Nf6 3. c4 c6 4. g3 Bf5 5. Nc3 e6 6. Nh4 dxc4 7. Nxf5 exf5 8. e3 b5 9. Bg2 Nbd7 10. Bxc6 b4 11. Ne2 Rc8 12. Bg2 Be7 13. O-O O-O 14. Qc2 g5 15. Qxf5 Ne8 16. e4 Ng7 17. Qf3 f6 18. e5 fxe5 19. Qd5+ Kh8 20. dxe5 Rc5 21. Qb7 Nxe5 22. Be3 Rc7 23. Qe4 Nd3 24. Nd4 Bf6 25. Ne6 Nxe6 26. Qxe6 Bxb2 27. Rad1 Re8 28. Qg4 h6 29. h4 gxh4 30. Bxh6 Rg8 31. Qh5 Rh7 32. Be4 hxg3 33. Bxh7 gxf2+ 34. Kh1 Qa8+ 35. Kh2 Qg2# 0-1

[Event "December 12 Early 2023"]
[Site "https://www.chess.com"]
[Date "2023.12.12"]
[Round "6"]
[White "Botea, David-Alexandru"]
[Black "Skiadopoulos, Nikolaos"]
[Result "1-0"]
[Board "151"]
[TimeControl "180+1"]
[WhiteFideId "1263293"]
[BlackFideId "4200772"]
[WhiteElo "2361"]
[BlackElo "1748"]
[WhiteTeam "ROU"]
[BlackTeam "GRE"]
[WhiteClock "0:00:02"]
[BlackClock "0:00:00"]

1. g3 c6 2. Bg2 d5 3. c4 e6 4. cxd5 exd5 5. d4 Nf6 6. Nf3 Be7 7. O-O O-O 8. Nc3 h6 9. a3 Be6 10. b4 a5 11. b5 Ne4 12. Nxe4 dxe4 13. Ne5 Bd5 14. bxc6 Nxc6 15. Nxc6 bxc6 16. Qc2 f5 17. Bf4 g5 18. Be5 Bd6 19. Bxd6 Qxd6 20. f4 exf3 21. Bxf3 Bxf3 22. exf3 Qxd4+ 23. Kh1 Qf6 24. Rac1 Rac8 25. Qc5 f4 26. Qxa5 fxg3 27. hxg3 Qf5 28. Qxf5 Rxf5 29. Rc3 c5 30. Rd1 Rcf8 31. Kg2 h5 32. Rd7 R8f7 33. Rd8+ Kg7 34. Rc8 h4 35. R8xc5 Rxc5 36. Rxc5 h3+ 37. Kxh3 Rxf3 38. Rxg5+ Kf6 39. Ra5 Rb3 40. Kg4 Rc3 41. Ra6+ Kg7 42. a4 Rc4+ 43. Kh5 Rc5+ 44. Kh4 Rc1 45. g4 Rc5 46. a5 Kh7 47. g5 Rc1 48. Rh6+ Kg7 49. a6 Rh1+ 50. Kg4 Rg1+ 51. Kf4 Rf1+ 52. Ke4 1-0

[Event "December 12 Early 2023"]
[Site "https://www.chess.com"]
[Date "2023.12.12"]
[Round "6"]
[White "Negron Lizarazo, Juan Sebastian"]
[Black "Tasev, Dejan"]
[Result "0-1"]
[Board "152"]
[TimeControl "180+1"]
[WhiteFideId "3936910"]
[BlackFideId "936618"]
[WhiteElo "2140"]
[BlackElo "2566"]
[WhiteTeam "COL"]
[BlackTeam "SRB"]
[WhiteClock "0:00:08"]
[BlackClock "0:00:36"]

1. e4 e5 2. Nf3 Nc6 3. d4 exd4 4. c3 d3 5. Bxd3 g6 6. Bc4 Bg7 7. Qb3 Qe7 8. O-O Na5 9. Qa4 Nxc4 10. Qxc4 d6 11. Bg5 f6 12. Bh4 Nh6 13. e5 Be6 14. Qa4+ Bd7 15. Qb4 dxe5 16. Qxb7 O-O 17. Qxc7 Rfc8 18. Qa5 Nf5 19. Bg3 Bc6 20. Nbd2 Rab8 21. b4 Bh6 22. a4 Nxg3 23. hxg3 e4 24. Nd4 Ba8 25. N2b3 e3 26. Rfe1 Rxc3 27. fxe3 Rxe3 28. Rxe3 Bxe3+ 29. Kh2 Qg7 30. g4 Qh6+ 31. Kg3 Qf4+ 32. Kh3 Bf2 33. Ne2 Qh6+ 34. Qh5 gxh5 35. gxh5 Qxh5# 0-1

[Event "December 12 Early 2023"]
[Site "https://www.chess.com"]
[Date "2023.12.12"]
[Round "6"]
[White "Rosenberg, Evan S"]
[Black "Kotlyar, Kirill"]
[Result "1-0"]
[Board "153"]
[TimeControl "180+1"]
[WhiteFideId "2019299"]
[BlackFideId "24145599"]
[WhiteElo "2384"]
[BlackElo "2557"]
[WhiteTeam "USA"]
[BlackTeam "RUS"]
[WhiteClock "0:00:05"]
[BlackClock "0:00:04"]

1. c4 Nf6 2. Nf3 g6 3. Nc3 d5 4. cxd5 Nxd5 5. h4 Bg7 6. e4 Nxc3 7. dxc3 Qxd1+ 8. Kxd1 Bg4 9. Bf4 e5 10. Be3 Nd7 11. Kc2 O-O-O 12. Ng5 Rdf8 13. f3 f6 14. fxg4 fxg5 15. hxg5 Nb6 16. a4 a5 17. Kb3 Rd8 18. Be2 Nd7 19. Raf1 Rdf8 20. Rf3 c6 21. Rfh3 Rd8 22. Rxh7 Rxh7 23. Rxh7 Bf8 24. Bc4 Bc5 25. Bc1 Nb6 26. Be6+ Kb8 27. Rg7 Rd1 28. Kc2 Rg1 29. Rg8+ Ka7 30. Rxg6 Rxg2+ 31. Kb3 Rg1 32. Bd2 Rg2 33. Be1 Re2 34. Bh4 Rxe4 35. Bf5 Rxa4 36. Rg8 Ra1 37. g6 a4+ 38. Kc2 Rh1 39. Bf6 Rh2+ 40. Kb1 Nc4 41. Bxe5 Nxe5 42. g7 Rh1+ 43. Ka2 Kb6 44. Rh8 Rg1 45. g8=Q Nc4 46. Qxc4 Rg2 47. Qxa4 Rd2 48. Qb3+ Kc7 49. Rh7+ Kd8 50. Qxb7 Ke8 51. Qc8+ Rd8 52. Rh8+ Kf7 53. Qxd8 Kg7 54. Qg8+ Kf6 55. Rh6+ Ke5 56. Qe6+ Kf4 57. Qe4+ Kg3 58. Qxc6 1-0

[Event "December 12 Early 2023"]
[Site "https://www.chess.com"]
[Date "2023.12.12"]
[Round "6"]
[White "Shinkarev, M"]
[Black "Barath1308"]
[Result "0-1"]
[Board "154"]
[TimeControl "180+1"]
[WhiteFideId "4145348"]
[WhiteElo "2487"]
[BlackElo "2358"]
[WhiteTeam "RUS"]
[WhiteClock "0:01:08"]
[BlackClock "0:01:01"]

1. c4 Nf6 2. g3 g6 3. Bg2 Bg7 4. Nc3 O-O 5. d4 d6 6. e3 Nbd7 7. Nge2 e5 8. O-O c6 9. b3 Re8 10. Ba3 Bf8 11. Qd2 Qc7 12. Rad1 a5 13. dxe5 dxe5 14. Bd6 Bxd6 15. Qxd6 Qxd6 16. Rxd6 Nc5 17. Rfd1 Kg7 18. Rd8 Bg4 19. Rxa8 Rxa8 20. f3 Be6 21. e4 Kf8 22. Kf2 Ke7 23. Ke3 Rd8 24. Rd2 Rxd2 25. Kxd2 h5 26. h3 Nh7 27. f4 Kd6 28. Ke3 Na6 29. Nc1 Nb4 30. Kd2 h4 31. a3 Na6 32. fxe5+ Kxe5 33. Ke3 hxg3 34. Nd3+ Kd6 35. e5+ Ke7 36. Kf4 Bf5 37. Ne4 Bxe4 38. Bxe4 f5 39. exf6+ Nxf6 40. Bxg6 g2 41. Bf7 g1=Q 42. Nf2 Qxf2+ 0-1

[Event "December 12 Early 2023"]
[Site "https://www.chess.com"]
[Date "2023.12.12"]
[Round "6"]
[White "Turzo, Attila"]
[Black "IranianCheetah"]
[Result "0-1"]
[Board "155"]
[TimeControl "180+1"]
[WhiteFideId "704954"]
[WhiteElo "2480"]
[BlackElo "2326"]
[WhiteTeam "HUN"]
[WhiteClock "0:00:00"]
[BlackClock "0:00:03"]

1. d4 d5 2. Nf3 Nf6 3. Bf4 c5 4. e3 Nc6 5. Nbd2 e6 6. c3 Bd6 7. Bg3 O-O 8. Bd3 c4 9. Bc2 b5 10. e4 Nxe4 11. Nxe4 dxe4 12. Bxe4 Bb7 13. Qc2 f5 14. Bxc6 Bxc6 15. Qe2 f4 16. Bh4 Qd7 17. Ne5 Bxe5 18. Qxe5 Rf5 19. Qe2 Bxg2 20. Rg1 Qd5 21. f3 Bxf3 22. Qd2 Qe4+ 23. Kf2 Bh5 24. Rge1 Qf3+ 25. Kg1 Qh3 26. Qg2 Qxh4 27. Qxa8+ Kf7 28. Qb7+ Kf6 29. Qe4 Rg5+ 30. Kh1 Bg4 31. Qxf4+ Rf5 32. Qg3 Bf3+ 33. Kg1 Rg5 34. Kf2 Rxg3 35. hxg3 Qg4 36. Re3 Bd5 37. Rf1 Kg6 38. Ke1 Qg5 39. Rf4 h5 40. Kf2 Kh6 41. Re5 Qg6 42. Rh4 Qc2+ 43. Re2 Qc1 44. Re1 Qd2+ 45. Re2 Qc1 46. Rh2 Qg5 47. Re5 Qf6+ 48. Ke3 Qf3+ 0-1

[Event "December 12 Early 2023"]
[Site "https://www.chess.com"]
[Date "2023.12.12"]
[Round "6"]
[White "Barbot, Pierre"]
[Black "Ljukin, Sergei"]
[Result "0-1"]
[Board "156"]
[TimeControl "180+1"]
[WhiteFideId "663727"]
[BlackFideId "14102200"]
[WhiteElo "2314"]
[BlackElo "2474"]
[WhiteTeam "FRA"]
[BlackTeam "UKR"]
[WhiteClock "0:00:08"]
[BlackClock "0:00:11"]

1. e4 e6 2. d4 d5 3. Nc3 Bb4 4. e5 Ne7 5. Qg4 c5 6. a3 Bxc3+ 7. bxc3 Qc7 8. Qxg7 Rg8 9. Qxh7 cxd4 10. Qd3 Qxe5+ 11. Ne2 dxc3 12. Qxc3 Nbc6 13. Qxe5 Nxe5 14. h4 Bd7 15. h5 Rc8 16. Nd4 a6 17. g3 N7c6 18. Nxc6 Rxc6 19. Bb2 Nf3+ 20. Kd1 e5 21. Bg2 Bg4 22. Kc1 f6 23. a4 Bf5 24. c3 Be4 25. a5 Rc4 26. Bf1 Rc6 27. h6 Nd4 28. h7 Rh8 29. Rh4 Nb3+ 30. Kd1 Nxa1 31. Bxa1 Rxh7 32. c4 Rxh4 33. gxh4 dxc4 34. Bc3 Kf7 35. Be2 Kg6 36. Kd2 Bd3 37. Bd1 Rc5 38. Ke3 Rb5 39. h5+ Kh7 40. f4 Rb1 41. Bg4 f5 42. Bh3 e4 43. Bxf5+ Kh6 44. Bg6 Rb3 45. Bf6 c3 46. Bg5+ Kg7 47. Bf5 c2 48. h6+ Kf7 49. Kd2 Rb1 50. h7 c1=Q# 0-1

[Event "December 12 Early 2023"]
[Site "https://www.chess.com"]
[Date "2023.12.12"]
[Round "6"]
[White "Dyulgerov, Volen"]
[Black "Rose, Felix"]
[Result "1-0"]
[Board "157"]
[TimeControl "180+1"]
[WhiteFideId "2918978"]
[BlackFideId "5105722"]
[WhiteElo "2410"]
[BlackElo "2310"]
[WhiteTeam "BUL"]
[BlackTeam "MEX"]
[WhiteClock "0:00:25"]
[BlackClock "0:00:31"]

1. e4 e5 2. d4 exd4 3. c3 Qe7 4. Nd2 dxc3 5. bxc3 Nf6 6. Qa4 Nc6 7. Bd3 d5 8. Ngf3 dxe4 9. Nxe4 Nxe4 10. Bxe4 f5 11. O-O fxe4 12. Re1 Bf5 13. Bg5 Qc5 14. Rab1 Kf7 15. Rb5 exf3 16. Rxc5 Bxc5 17. Qc4+ Kg6 18. Qxc5 Kxg5 19. g4 Kxg4 20. Kh1 g6 21. Rg1+ Kh5 22. Qe3 Rhf8 23. Qg5# 1-0

[Event "December 12 Early 2023"]
[Site "https://www.chess.com"]
[Date "2023.12.12"]
[Round "6"]
[White "Skaric, Djuro"]
[Black "Rodriguez Santiago, Jaime"]
[Result "1-0"]
[Board "158"]
[TimeControl "180+1"]
[WhiteFideId "934569"]
[BlackFideId "3100898"]
[WhiteElo "2402"]
[BlackElo "2287"]
[WhiteTeam "SRB"]
[BlackTeam "PUR"]
[WhiteClock "0:01:12"]
[BlackClock "0:00:16"]

1. g3 Nf6 2. Bg2 d5 3. d3 c5 4. Nf3 Nc6 5. O-O e6 6. Nc3 Be7 7. e4 dxe4 8. dxe4 Qxd1 9. Rxd1 O-O 10. h3 h6 11. Be3 a6 12. Nd2 Nd4 13. Rac1 e5 14. f4 Nd7 15. f5 b5 16. Nd5 Bd8 17. Kf2 Bb7 18. c3 Nc6 19. Nb3 c4 20. Nc5 Nxc5 21. Bxc5 Re8 22. h4 Ne7 23. Nb6 Bxb6 24. Bxb6 Kf8 25. g4 f6 26. Rd7 Bc6 27. Rd6 Kf7 28. Rcd1 Rab8 29. Bc5 Rb7 30. Re6 Rc8 31. Be3 Be8 32. g5 hxg5 33. hxg5 a5 34. g6+ Kf8 35. Ra6 b4 36. Rxa5 bxc3 37. bxc3 Rb2+ 38. Rd2 Rb1 39. Bf1 Bc6 40. Bxc4 Bxe4 41. Bb3 Bxf5 42. Ra7 Bxg6 43. Rdd7 Re8 44. Bc5 Bf5 45. Rxe7 Rxe7 46. Rxe7 g5 47. Rxe5+ Kg7 48. Rxf5 Kg6 49. Rd5 f5 50. Be3 f4 51. Bc2+ 1-0

[Event "December 12 Early 2023"]
[Site "https://www.chess.com"]
[Date "2023.12.12"]
[Round "6"]
[White "Quirke, Jeffrey"]
[Black "Salinas Tomas, Daniel"]
[Result "0-1"]
[Board "159"]
[TimeControl "180+1"]
[WhiteFideId "2013029"]
[BlackFideId "24597716"]
[WhiteElo "2158"]
[BlackElo "2399"]
[WhiteTeam "USA"]
[BlackTeam "ESP"]
[WhiteClock "0:00:00"]
[BlackClock "0:01:00"]

1. e4 c5 2. c3 d5 3. exd5 Qxd5 4. d4 e5 5. dxe5 Qxd1+ 6. Kxd1 Nc6 7. f4 f6 8. Nf3 Bg4 9. Bb5 O-O-O+ 10. Ke2 fxe5 11. Bxc6 bxc6 12. fxe5 Ne7 13. h3 Be6 14. Bg5 h6 15. Bh4 g5 16. Bf2 Ng6 17. g3 Bd5 18. Nbd2 Be7 19. Be3 Rhe8 20. Rhf1 Bf8 21. c4 Bg8 22. b3 Nxe5 23. Nxe5 Rxe5 24. Rae1 Rde8 25. Kf2 Bg7 26. Nf3 Rf5 27. Kg2 Bh7 28. g4 Rf7 29. Kg3 Ref8 30. Bxc5 Rd8 31. Rf2 Rd3 32. Ref1 Be4 33. Kg2 Kd7 34. Kg3 Rf4 35. Kg2 Ke8 36. Kg3 Kf7 37. Kg2 Kg6 38. Kg3 h5 39. gxh5+ Kxh5 40. Kg2 g4 41. hxg4+ Kxg4 0-1

[Event "December 12 Early 2023"]
[Site "https://www.chess.com"]
[Date "2023.12.12"]
[Round "6"]
[White "Veiga, Jose Francisco R P Neves"]
[Black "Vanek, Tomas"]
[Result "0-1"]
[Board "160"]
[TimeControl "180+1"]
[WhiteFideId "1930087"]
[BlackFideId "313459"]
[WhiteElo "2573"]
[BlackElo "2217"]
[WhiteTeam "POR"]
[BlackTeam "CZE"]
[WhiteClock "0:00:52"]
[BlackClock "0:00:46"]

1. d4 f5 2. Bg5 h6 3. Bh4 g5 4. e3 Nf6 5. Bg3 d6 6. h4 g4 7. Ne2 Nh5 8. Bh2 Bg7 9. Nbc3 Nc6 10. Ng3 Nxg3 11. Bxg3 O-O 12. Bc4+ Kh8 13. h5 e5 14. dxe5 Nxe5 15. Be2 Be6 16. Nd5 Bxd5 17. Qxd5 c6 18. Qb3 a5 19. O-O-O a4 20. Qa3 d5 21. f4 gxf3 22. gxf3 Re8 23. e4 b5 24. Kb1 b4 25. Qe3 b3 26. cxb3 axb3 27. a3 Qf6 28. Qc3 dxe4 29. fxe4 Qg5 30. Bh4 Qg2 31. Rhe1 Qxe4+ 32. Ka1 Qxh4 33. Rg1 Rxa3+ 34. bxa3 Ng4 35. Qxg7+ Kxg7 36. Bxg4 fxg4 37. Rd4 Qf6 38. Rxg4+ Kh8 39. Kb1 Re1+ 40. Kb2 Qf2+ 41. Kxb3 Rb1+ 42. Ka4 Qc2+ 43. Ka5 Qc5+ 0-1